 Dungeon Crawl Stone Soup version 0.21.1-1-g345015f (webtiles) character file.

121 inmateoo the Insei (level 4, -5/37 HPs)
             Began as a Draconian Ice Elementalist on Feb 12, 2018.
             Blown up by Ijyb (19 damage)
             ... with a wand of disintegration (3)
             ... on level 3 of the Dungeon.
             The game lasted 00:02:42 (1657 turns).

inmateoo the Insei (Draconian Ice Elementalist)     Turns: 1657, Time: 00:02:43

Health: -5/37      AC:  5    Str: 10    XL:     4   Next: 77%
Magic:  0/7        EV: 12    Int: 16    God:
Gold:   75         SH:  0    Dex: 12    Spells: 6/7 levels left

rFire    . . .     SeeInvis .     - Unarmed
rCold    . . .     Gourm    .   (no shield)
rNeg     . . .     Faith    .   (armour unavailable)
rPois    .         Spirit   .   (helmet restricted)
rElec    .         Reflect  .   (no cloak)
rCorr    .         Harm     .   (no gloves)
MR       .....                  (no boots)
Stlth    ++........             (no amulet)
HPRegen  0.12/turn              (no ring)
MPRegen  0.10/turn              (no ring)

@: no status effects
A: unfitting armour, cold-blooded, AC +5
a: no special abilities


You were on level 3 of the Dungeon.
You were hungry.

You visited 1 branch of the dungeon, and saw 3 of its levels.

You collected 75 gold pieces.

Inventory:

Hand Weapons
 c - a +1 dagger of speed
Armour
 m - a +0 shield
Wands
 l - a wand of flame (42)
Scrolls
 d - a scroll of remove curse {unknown}
 e - 3 scrolls of identify {unknown}
 g - a scroll of fog {unknown}
 k - a scroll of amnesia {unknown}
Potions
 f - a potion of lignification {unknown}
 h - 3 potions of magic {unknown}
 i - a potion of brilliance {unknown}
 j - a potion of resistance {unknown}
Books
 a - a book of Frost

   Spells                             Type                      Level
   a - Freeze                         Ice                          1
   b - Throw Frost                    Conjuration/Ice              2
   c - Ozocubu's Armour               Charms/Ice                   3
   d - Throw Icicle                   Conjuration/Ice              4
   e - Summon Ice Beast               Ice/Summoning                4
Comestibles
 b - 3 rations


   Skills:
 + Level 2.6 Fighting
 - Level 1.7 Dodging
 - Level 1.7 Stealth
 * Level 3.6 Unarmed Combat
 - Level 2.0 Spellcasting
   Level 1.0 Conjurations
 - Level 3.0 Ice Magic


You had 6 spell levels left.
You knew the following spells:

 Your Spells              Type           Power        Failure   Level  Hunger
a - Freeze                Ice            ##..         6%          1    #......


Dungeon Overview and Level Annotations

Branches:
Dungeon (3/15)

Altars:
Hepliaklqana
Sif Muna

Annotations:
D:3 Ijyb, Sigmund


Innate Abilities, Weirdness & Mutations

Your plain brown scales are hard. (AC +5)
You cannot fit into any form of body armour.
You are cold-blooded and may be slowed by cold attacks.


Message History

Casting: Freeze
Confirm with . or Enter, or press ? or * to list all spells.
Aiming: Freeze
Press: ? - help, Shift-Dir - straight line, f/p - Ijyb
Aim: Ijyb, wearing a leather armour and carrying a wand of disintegration (4) (severely wounded)
You freeze Ijyb.
Ijyb is almost dead.
Ijyb hits you but does no damage.
You hit Ijyb but do no damage.
Ijyb is almost dead.
Ijyb hits you but does no damage.
You barely miss Ijyb.
Ijyb is almost dead.
Ijyb screams, "You nasty!
Big nasty!"
Ijyb zaps a wand.
You are blasted!
You closely miss Ijyb.
Ijyb is almost dead.
Ijyb zaps a wand.
You are blasted!
Ouch! That really hurt!
You die...

####.#######
##.# ##..#
#..## #.## #.#
##.# # ###..#
.. #.@.## #..#
##g###
.....#ro####
###
#.....g...#....
###.....g.....(
#.#....o.....
#..#..........
#..##..........
...#
#......###.


You could see Ijyb, an orc, a hobgoblin and a rat.

Vanquished Creatures
  A worker ant (D:2)
  Robin (D:2)
  2 adders (D:2)
  A worm (D:2)
  A dart slug (D:1)
  3 leopard geckos (D:1)
  A ball python (D:2)
  5 giant cockroaches
  7 hobgoblins (D:2)
  2 quokkas (D:2)
  5 bats
  5 frilled lizards
  11 goblins
  6 kobolds
  6 rats
57 creatures vanquished.

Notes
Turn   | Place    | Note
-------+----------+-------------------------------------------
     0 | D:1      | inmateoo the Draconian Ice Elementalist began the quest for the Orb.
     0 | D:1      | Reached XP level 1. HP: 14/14 MP: 3/3
   159 | D:1      | Reached skill level 1 in Unarmed Combat
   223 | D:1      | Reached XP level 2. HP: 19/22 MP: 1/5
   247 | D:1      | Reached skill level 1 in Fighting
   599 | D:2      | Reached XP level 3. HP: 22/29 MP: 0/6
   881 | D:2      | Reached XP level 4. HP: 31/36 MP: 3/7
  1142 | D:2      | Noticed Robin
  1187 | D:2      | Killed Robin
  1359 | D:2      | Found a deep blue altar of Sif Muna.
  1359 | D:2      | Found a hazy altar of Hepliaklqana.
  1403 | D:3      | Noticed Sigmund
  1629 | D:3      | Noticed Ijyb
  1657 | D:3      | Blown up by Ijyb

Skill      XL: |  1  2  3 |
---------------+----------+-----
Unarmed Combat | 1 2 3 |  3.6
Fighting       | 1 2 |  2.6
Dodging        | |  1.7
Stealth        | |  1.7
Spellcasting   | |  2.0
Conjurations   | |  1.0
Ice Magic      | |  3.0

Action                   |  1- 3 |  4- 6 || total
-------------------------+-------+-------++-------
Melee: Unarmed           |     8 |    47 ||    55
       Tailslap          |     4 |     4 ||     8
       Dagger            |    27 |     1 ||    28
 Cast: Freeze            |    39 |    40 ||    79
 Stab: Sleeping          |     1 |     1 ||     2
  Eat: Chunk             |     1 |     2 ||     3
Armor: Skin              |    24 |    25 ||    49
Dodge: Dodged            |    51 |    52 ||   103
